 Dungeon Crawl Stone Soup version 0.26-a0-631-ged93497179 (webtiles) character file.

Game seed: 5428977657713377589

2427 Colgate the Thrower (level 9, -2/84 HPs)
             Began as a Troll Abyssal Knight on Sept 12, 2020.
             Was a Priest of Lugonu.
             Slain by a centaur (6 damage)
             ... on level 8 of the Dungeon.
             The game lasted 01:04:20 (6484 turns).

Colgate the Thrower (Troll Abyssal Knight)          Turns: 6484, Time: 01:04:20

Health: -2/84      AC:  8    Str: 22    XL:     9   Next: 24%
Magic:  9/9        EV:  7    Int:  8    God:    Lugonu [***...]
Gold:   505        SH:  7    Dex: 12    Spells: 8/8 levels left

rFire    . . .     SeeInvis .     - Unarmed
rCold    . . .     Faith    +   A - +0 kite shield
rNeg     . . .     Spirit   .   a - +0 robe
rPois    .         Reflect  .   (helmet restricted)
rElec    .         Harm     .   o - +1 cloak
rCorr    +         Rampage  .   (gloves unavailable)
MR       .....                  (boots unavailable)
Stlth    +.........             q - amulet of faith
HPRegen  0.64/turn              c - ring of resist corrosion
MPRegen  0.11/turn              E - ring of wizardry

@: no status effects
A: large, unfitting armour, claws 3, regeneration 1, shaggy fur 1, tough skin 3
a: Depart the Abyss, Bend Space, Banish, Renounce Religion


You were on level 8 of the Dungeon.
You worshipped Lugonu.
Lugonu was most pleased with you.
You visited 1 branch of the dungeon, and saw 8 of its levels.
You visited the Abyss 1 time.
You also visited: Sewer.

You collected 505 gold pieces.

Inventory:

Missiles
 b - 222 stones
 i - 7 poisoned darts
 m - 2 javelins
 r - 7 boomerangs
 y - 6 atropa-tipped darts (quivered)
Armour
 a - a +0 robe (worn)
 o - a +1 cloak (worn)
 A - a +0 kite shield (worn)
Magical Staves
 p - an uncursed staff of conjuration
Jewellery
 c - a ring of resist corrosion (left claw)
 q - an amulet of faith (around neck)
 v - the amulet "Otereh" {Acrobat *Drain rC++ MP+9 Int-3, unknown}
   (You found it on level 8 of the Dungeon)

   [amulet of the acrobat]

   It helps you evade while moving and waiting.
   It affects your intelligence (-3).
   It greatly protects you from cold.
   It affects your magic capacity (+9).
   It causes draining when unequipped.
 E - a ring of wizardry (right claw)
Scrolls
 j - 3 scrolls of fear
 l - a scroll of fog
 n - 2 scrolls of remove curse
 t - a scroll of teleportation
 z - a scroll of blinking
 B - a scroll of immolation
 C - a scroll of magic mapping
 D - a scroll of vulnerability {unknown}
Potions
 d - a potion of cancellation
 e - 4 potions of flight
 f - 2 potions of ambrosia
 g - 2 potions of resistance
 h - 6 potions of stabbing
 k - a potion of might
 s - 7 potions of heal wounds
 u - 4 potions of curing


   Skills:
 - Level 4.0 Fighting
 + Level 10.2 Throwing
 - Level 2.0 Dodging
 - Level 4.0 Unarmed Combat
 - Level 1.5 Invocations


You had 8 spell levels left.
You didn't know any spells.
Your spell library contained the following spells:

 Spells                   Type           Power        Failure   Level
 Animate Skeleton         Necr           #.....       73%         1
 Pain                     Necr           #...         73%         1
 Vampiric Draining        Necr           #.........   97%         3
 Animate Dead             Necr           #.........   100%        4
 Agony                    Necr           #.......     100%        5


Dungeon Overview and Level Annotations

Branches:
Dungeon (8/15)             Temple (0/1) D:4           Sewer (visited)
   Lair: D:8-11

Altars:
Ashenzari
Fedhas
Nemelex Xobeh
Uskayaw
Xom
The Shining One

Shops:
D:5 (

Annotations:
D:6 corrupted
D:7 corrupted
Abyss:1 Sigmund


Innate Abilities, Weirdness & Mutations

You are too large for most types of armour.
You have claws for hands.
Your natural rate of healing is unusually fast.
You are covered in fur. (AC +1)
You have extremely tough skin. (AC +3)


Message History

The centaur closely misses you.
You scratch the crocodile.
The crocodile is heavily wounded.
You block the centaur's attack. The crocodile closely misses you.
You closely miss the crocodile.
The crocodile is heavily wounded.
The centaur hits you but does no damage.
The crocodile barely misses you.
The centaur hits you but does no damage.
You claw the crocodile!
The crocodile is almost dead.
The centaur hits you.
* * * LOW HITPOINT WARNING * * *
The crocodile bites you!
* * * LOW HITPOINT WARNING * * *
You claw the crocodile!
You kill the crocodile!
Lugonu accepts your kill. The centaur hits you.
You die...

.....#..#.###..............## ###
...#....)...................#####
.. #..(..###..........[.........#
#....?...†.........<.†..#.##.#
#......####............##.##[.
#.....)# ##..................
#.....## #####(.............
#.##..# ####†......####.....
......## #.c@(......# ####..
#.......# #..###.....## #..
#.......# #... ...$...# #..
#.......# #$# .#.....# ###
...$..... ######## .


You could see a centaur.

Vanquished Creatures
  Edmund (D:5)
  A porcupine (D:8)
  2 phantoms
  2 ogres
  3 centaurs
  A crocodile (D:8)
  A big kobold (Sewer)
  2 bullfrogs
  2 scorpions
  3 wights (D:6)
  A bullfrog zombie (D:5)
  4 orc wizards
  2 centaur zombies
  2 jellies (D:6)
  A hound (D:6)
  3 worker ants
  A worker ant zombie (D:6)
  8 gnolls
  11 adders
  5 river rats (Sewer)
  A shadow imp (D:5)
  3 white imps
  An ufetubus (D:7)
  An ooze (D:4)
  An adder skeleton (D:6)
  5 worms
  4 dart slugs
  4 leopard geckos
  21 orcs
  8 ball pythons
  6 giant cockroaches
  10 goblins
  7 hobgoblins
  4 jackals (D:5)
  3 quokkas
  9 bats
  6 frilled lizards
  A jackal zombie (D:6)
  21 kobolds
  23 rats
195 creatures vanquished.

Vanquished Creatures (others)
  A water moccasin (D:6)
  2 orc warriors (D:7)
  A black bear (D:7)
  2 ogres
  2 bullfrogs
  A wyvern zombie (D:7)
  A scorpion (D:7)
  A howler monkey (D:7)
  4 wights (D:6)
  A hound (D:7)
  3 orc priests (D:7)
  2 orc wizards (D:7)
  An adder skeleton (D:6)
  2 orcs (D:7)
  3 fungi (D:8)
  9 plants
  4 starspawn tentacles (D:7)
40 creatures vanquished.

Grand Total: 235 creatures vanquished

Notes
Turn   | Place    | Note
-------+----------+-------------------------------------------
     0 | Abyss:1  | Colgate the Troll Abyssal Knight began the quest for the
                  | Orb.
     0 | Abyss:1  | Reached XP level 1. HP: 22/22 MP: 1/1
    10 | D:1      | Escaped the Abyss
   139 | D:1      | Reached XP level 2. HP: 26/31 MP: 2/2
   465 | D:1      | Reached ** piety under Lugonu
   649 | D:1      | Reached XP level 3. HP: 37/37 MP: 3/3
  1184 | D:2      | Reached XP level 4. HP: 36/48 MP: 4/4
  1197 | D:2      | Reached skill level 1 in Throwing
  1581 | D:2      | Found a glowing golden altar of the Shining One.
  1694 | D:3      | Reached skill level 2 in Throwing
  1778 | D:3      | Reached XP level 5. HP: 53/54 MP: 5/5
  1805 | D:3      | Found a hide-covered altar of Uskayaw.
  2000 | D:3      | You fall into a shaft and drop 1 floor!
  2001 | D:4      | Noticed a phantom
  2012 | D:4      | Killed a phantom
  2029 | D:4      | Reached *** piety under Lugonu
  2234 | D:4      | Reached XP level 6. HP: 62/62 MP: 6/6
  2260 | D:4      | Found a glowing drain.
  2390 | Sewer    | Entered a sewer
  2514 | Sewer    | Reached skill level 3 in Throwing
  2563 | Sewer    | Reached **** piety under Lugonu
  2739 | Sewer    | Reached skill level 4 in Throwing
  3276 | D:4      | Found a sparkling altar of Nemelex Xobeh.
  3276 | D:4      | Noticed Sigmund
  3280 | D:4      | Banished Sigmund
  3280 | D:4      | Reached skill level 5 in Throwing
  3280 | D:4      | Reached XP level 7. HP: 70/70 MP: 7/7
  3355 | D:4      | Found a shattered altar of Ashenzari.
  3711 | D:4      | Found a staircase to the Ecumenical Temple.
  3746 | D:5      | Entered Level 5 of the Dungeon
  3746 | D:5      | Found Yfiusch's Antique Weapon Shoppe.
  3769 | D:5      | Noticed Edmund
  3770 | D:5      | Reached skill level 6 in Throwing
  3775 | D:5      | Killed Edmund
  3788 | D:5      | Reached XP level 8. HP: 68/78 MP: 8/8
  3803 | D:5      | Reached skill level 7 in Throwing
  4125 | D:5      | Found a shimmering altar of Xom.
  4126 | D:5      | Found a shimmering altar of Xom.
  4127 | D:5      | Found a shimmering altar of Xom.
  4127 | D:5      | Found a shimmering altar of Xom.
  4696 | D:6      | Corrupted D:6
  4696 | D:6      | Noticed a smoke demon
  4696 | D:6      | Noticed an air elemental
  4696 | D:6      | Noticed a great orb of eyes
  4696 | D:6      | Noticed a raiju
  4696 | D:6      | Noticed an apocalypse crab
  4696 | D:6      | Noticed a large abomination
  4696 | D:6      | Noticed a lich
  4696 | D:6      | Noticed a large abomination
  4696 | D:6      | Noticed a sixfirhy
  4696 | D:6      | Noticed a tentacled starspawn
  4696 | D:6      | Noticed a starcursed mass
  4697 | D:6      | Noticed a large abomination
  4697 | D:6      | Noticed a thrashing horror
  4698 | D:6      | Noticed a lich
  4699 | D:6      | Noticed a great orb of eyes
  4718 | D:6      | Reached skill level 8 in Throwing
  5534 | D:7      | Reached skill level 9 in Throwing
  5616 | D:7      | Corrupted D:7
  5616 | D:7      | Noticed a raiju
  5616 | D:7      | Noticed a tentacled starspawn
  5616 | D:7      | Noticed a thrashing horror
  5616 | D:7      | Noticed a raiju
  5616 | D:7      | Noticed an efreet
  5616 | D:7      | Noticed a red very ugly thing
  5617 | D:7      | Noticed a tormentor
  5619 | D:7      | Noticed an efreet
  5623 | D:7      | Noticed an efreet
  5631 | D:7      | Noticed a demonic crawler
  5632 | D:7      | Noticed a smoke demon
  6290 | D:8      | Reached XP level 9. HP: 84/84 MP: 9/9
  6356 | D:8      | Found a blossoming altar of Fedhas.
  6401 | D:8      | Reached skill level 10 in Throwing
  6448 | D:8      | Got a scintillating copper amulet
  6483 | D:8      | HP: 3/84 [crocodile (13)]
  6484 | D:8      | Slain by a centaur

Illustrated notes

Levels and vault maps discovered:
D:1:      matt_arrival_los_fun, layout_basic
D:2:      layout_rooms, nicolae_tso_swordbearing_angel, minmay_ruptured
D:3:      layout_rooms, eat_drink_and_be_merry_uskayaw
D:4:      layout_basic, ashenzari_altar_1, minmay_temple_entry_poolview,
          gup_sewer_entry_spiral, nemelex_dance_club_becter, uniq_sigmund
D:5:      layout_rooms, serial_shops, nicolae_shop_overgrown_old_shop,
          xom_redecorated, uniq_edmund
D:6:      layout_basic
D:7:      layout_basic, st_stairs_12, minivault_22
D:8:      layout_rooms, yredelemnul_altar_generic,
          grunt_lair_entry_orc_guard_hut, serial_shops, shop_fountains,
          fedhas_altar_3

Skill      XL: |  1  2  3  4  5  6  7  8  9 |
---------------+----------------------------+-----
Fighting       | 3 4 |  4.0
Dodging        | 2 |  2.0
Throwing       | 2 5 6 9 10 | 10.2
Unarmed Combat | 4 |  4.0
Invocations    | |  1.5

Action                   |  1- 3 |  4- 6 |  7- 9 || total
-------------------------+-------+-------+-------++-------
Melee: Unarmed           |    73 |   187 |   167 ||   427
       Punch             |     1 |     3 |     1 ||     5
Throw: Stone             |    27 |     5 |       ||    32
       Dart              |    57 |    73 |   135 ||   265
       Boomerang         |       |    42 |     5 ||    47
       Javelin           |       |       |    31 ||    31
Invok: Bend Space        |       |     6 |     4 ||    10
       Banish            |       |       |     1 ||     1
       Corrupt           |       |       |     2 ||     2
Evoke: Wand              |     1 |     6 |    10 ||    17
  Use: Scroll            |       |    13 |     6 ||    19
       Potion            |       |     4 |     4 ||     8
 Stab: Sleeping          |     1 |     1 |     2 ||     4
Armor: Robe              |    24 |    78 |    62 ||   164
       Skin              |       |    71 |       ||    71
Dodge: Dodged            |    53 |   109 |    59 ||   221
Block: Kite shield       |       |       |    36 ||    36

Table legend: (Time is in decaauts)
 A = Elapsed time spent in this place.
 B = Non-inter-level travel time spent in this place.
 C = Inter-level travel time spent in this place.
 D = Time resting spent in this place.
 E = Time spent auto-exploring this place.
 F = Levels seen in this place.
 G = Mean time per level.
                   A        B        C        D        E       F      G
               +--------+--------+--------+--------+--------+-----+--------+
         Total |   6506 |   6171 |    335 |     79 |   4660 |  10 |  650.6 |
       Dungeon |   5995 |   5660 |    335 |     64 |   4384 |   8 |  749.4 |
         Abyss |     10 |     10 |      0 |      0 |      5 |   1 |   10.0 |
         Sewer |    500 |    500 |      0 |     15 |    271 |   1 |  500.0 |
               +--------+--------+--------+--------+--------+-----+--------+

Top non-repeatable levels by time:
     D:4: 1302 daAuts
     D:6: 1040 daAuts
     D:1: 968 daAuts
     D:2: 768 daAuts
     D:7: 737 daAuts
     D:5: 684 daAuts
   Sewer: 500 daAuts
     D:3: 248 daAuts
     D:8: 245 daAuts
 Abyss:1: 10 daAuts
